3L
ROCKY MOUNTAIN NUGGETS @ LAS VEGAS FLAMINGOS
09/04/2026
 
TOP OF THE 1ST
Rocky Mountain Nuggets batting - Pitching for Las Vegas Flamingos : RHP David Collingwood
Pitching: RHP David Collingwood
Batting: RHB Andrés Rodríguez 0-0: Called Strike
0-1: Swinging Strike
0-2: Ball
1-2: Ground out 4-3 (Groundball, 4M)
Batting: RHB Iván Vega 0-0: Foul Ball, location: 2F
0-1: Swinging Strike
0-2: Ball
1-2: Strikes out swinging
Batting: LHB Javier Sánchez 0-0: SOLO HOME RUN (Flyball, 9D), Distance : 387 ft
Batting: LHB Neil Lawson 0-0: Ball
1-0: SOLO HOME RUN (Flyball, 89XD), Distance : 434 ft
Batting: RHB Wes Shannon 0-0: Called Strike
0-1: Ground out 1-3 (Groundball, 13S)
Top of the 1st over - 2 run(s), 2 hit(s), 0 error(s), 0 left on base; Rocky Mountain 2 - Las Vegas 0
BOTTOM OF THE 1ST
Las Vegas Flamingos batting - Pitching for Rocky Mountain Nuggets : RHP Cipriano Costa
Pitching: RHP Cipriano Costa
Batting: RHB Sake van Arem 0-0: Called Strike
0-1: Foul Ball, location: 2F
0-2: Foul Ball, location: 2F
0-2: Ground out 6-3 (Groundball, 6)
Batting: LHB Roberto Salazar 0-0: Ball
1-0: Ball
2-0: Called Strike
2-1: Called Strike
2-2: Foul Ball, location: 2F
2-2: Ball
3-2: Fly out, F4 (Line Drive, 4)
Batting: LHB Chris McKinney 0-0: Ball
1-0: Foul Ball, location: 2F
1-1: Swinging Strike
1-2: Ball
2-2: Foul Ball, location: 2F
2-2: SOLO HOME RUN (Flyball, 89XD), Distance : 431 ft
Batting: LHB José Alonso 0-0: Called Strike
0-1: SINGLE (Line Drive, 8RS)
Batting: LHB Job Pels 0-0: Fly out, F8 (Line Drive, 8RM)
Bottom of the 1st over - 1 run(s), 2 hit(s), 0 error(s), 1 left on base; Rocky Mountain 2 - Las Vegas 1
TOP OF THE 2ND
Rocky Mountain Nuggets batting - Pitching for Las Vegas Flamingos : RHP David Collingwood
Batting: RHB Gary Chalmers 0-0: Called Strike
0-1: Ball
1-1: SINGLE (Line Drive, 6MD)
Batting: LHB Chia-ch'ing Dodman 0-0: Ground out 4-3 (Groundball, 34)
Gary Chalmers to second
Batting: RHB Mark Melton 0-0: Foul Ball, location: 2F
0-1: Foul Ball, location: 2F
0-2: Ball
1-2: Strikes out swinging
Batting: LHB Randy Bowen 0-0: Ball
1-0: Foul Ball, location: 2F
1-1: Called Strike
1-2: Ball
2-2: Fly out, F7 (Flyball, 78M)
Top of the 2nd over - 0 run(s), 1 hit(s), 0 error(s), 1 left on base; Rocky Mountain 2 - Las Vegas 1
BOTTOM OF THE 2ND
Las Vegas Flamingos batting - Pitching for Rocky Mountain Nuggets : RHP Cipriano Costa
Batting: LHB Victor Adams 0-0: Ball
1-0: Ball
2-0: Ball
3-0: Base on Balls
Batting: LHB Emílio Sáenz 0-0: Called Strike
0-1: Ball
1-1: Fly out, F7 (Flyball, 78D)
Batting: SHB Kunimichi Chikafuji 0-0: Ground out 4-3 (Groundball, 4S)
Victor Adams to second
Pitching: RHP Reynaldo Ortíz
Batting: RHB Jeff Young 0-0: Ball
1-0: Called Strike
1-1: Ball
2-1: Swinging Strike
2-2: Ground out 5-3 (Groundball, 56S)
Bottom of the 2nd over - 0 run(s), 0 hit(s), 0 error(s), 1 left on base; Rocky Mountain 2 - Las Vegas 1
TOP OF THE 3RD
Rocky Mountain Nuggets batting - Pitching for Las Vegas Flamingos : RHP David Collingwood
Batting: RHB Andrés Rodríguez 0-0: Ball
1-0: Ball
2-0: Called Strike
2-1: Called Strike
2-2: Foul Ball, location: 2F
2-2: Ball
3-2: Strikes out looking
Batting: RHB Iván Vega 0-0: Called Strike
0-1: Ball
1-1: Ball
2-1: Called Strike
2-2: Ball
3-2: Strikes out swinging
Batting: LHB Javier Sánchez 0-0: Called Strike
0-1: Ball
1-1: Ball
2-1: Foul Ball, location: 2F
2-2: Hit by Pitch
Batting: LHB Neil Lawson 0-0: Fielders Choice at 2nd, 4-6 (Groundball, 4)
Top of the 3rd over - 0 run(s), 0 hit(s), 0 error(s), 0 left on base; Rocky Mountain 2 - Las Vegas 1
BOTTOM OF THE 3RD
Las Vegas Flamingos batting - Pitching for Rocky Mountain Nuggets : RHP Reynaldo Ortíz
Batting: RHB Sake van Arem 0-0: Called Strike
0-1: Ball
1-1: Ground out 4-3 (Groundball, 4)
Batting: LHB Roberto Salazar 0-0: Ball
1-0: Swinging Strike
1-1: Ground out 1-3 (Groundball, 13)
Batting: LHB Chris McKinney 0-0: Swinging Strike
0-1: Swinging Strike
0-2: Strikes out looking
Bottom of the 3rd over - 0 run(s), 0 hit(s), 0 error(s), 0 left on base; Rocky Mountain 2 - Las Vegas 1
TOP OF THE 4TH
Rocky Mountain Nuggets batting - Pitching for Las Vegas Flamingos : RHP David Collingwood
Batting: RHB Wes Shannon 0-0: Called Strike
0-1: Ball
1-1: SINGLE (Line Drive, 56)
Batting: RHB Gary Chalmers 0-0: Ball
1-0: Ball
2-0: Fly out, F3 (Popup, 3L)
Batting: LHB Chia-ch'ing Dodman 0-0: Swinging Strike
0-1: Ball
1-1: Foul Ball, location: 2F
1-2: Fly out, F4 (Line Drive, 34)
Batting: RHB Mark Melton 0-0: Called Strike
0-1: Called Strike
0-2: Ball
1-2: Foul Ball, location: 2F
1-2: Ball
2-2: Ball
3-2: Fly out, F9 (Flyball, 9LSF)
Top of the 4th over - 0 run(s), 1 hit(s), 0 error(s), 1 left on base; Rocky Mountain 2 - Las Vegas 1
BOTTOM OF THE 4TH
Las Vegas Flamingos batting - Pitching for Rocky Mountain Nuggets : RHP Reynaldo Ortíz
Batting: LHB José Alonso 0-0: Called Strike
0-1: Swinging Strike
0-2: Foul Ball, location: 2F
0-2: Ball
1-2: Foul Ball, location: 2F
1-2: Ball
2-2: Foul Ball, location: 2F
2-2: SINGLE (Line Drive, 4D)
Batting: LHB Job Pels 0-0: Foul Ball, location: 2F
0-1: Called Strike
0-2: SINGLE (Groundball, 25) (infield hit)
José Alonso to second
Batting: LHB Victor Adams 0-0: Called Strike
0-1: Ball
1-1: Foul Ball, location: 2F
1-2: Ball
2-2: Ball
3-2: Base on Balls
José Alonso to third
Job Pels to second
Batting: LHB Emílio Sáenz 0-0: Ball
1-0: Ball
2-0: Ball
3-0: Foul Ball, location: 2F
3-1: Base on Balls
José Alonso scores
Job Pels to third
Victor Adams to second
Batting: SHB Kunimichi Chikafuji 0-0: Called Strike
0-1: Called Strike
0-2: Ball
1-2: Foul Ball, location: 2F
1-2: Ball
2-2: Grounds into fielders choice 1-2 (Groundball, 13S)
Victor Adams to third
Emílio Sáenz to second
Batting: RHB Jeff Young 0-0: SINGLE (Line Drive, 7S)
Victor Adams scores
Emílio Sáenz to third
Kunimichi Chikafuji to second
Runner from 3rd tries for Home, SAFE, throw made home
Batting: RHB Sake van Arem 0-0: Ball
1-0: Foul Ball, location: 2F
1-1: Ball
2-1: Swinging Strike
2-2: SINGLE (Groundball, 5S) (infield hit)
Kunimichi Chikafuji to third
Jeff Young to second
Batting: LHB Roberto Salazar 0-0: Foul Ball, location: 2F
0-1: Ball
1-1: Ball
2-1: Foul Ball, location: 2F
2-2: Grounds into double play, 6-4-3 (Groundball, 6)
Bottom of the 4th over - 3 run(s), 4 hit(s), 0 error(s), 2 left on base; Rocky Mountain 2 - Las Vegas 4
TOP OF THE 5TH
Rocky Mountain Nuggets batting - Pitching for Las Vegas Flamingos : RHP David Collingwood
Batting: LHB Randy Bowen 0-0: Ball
1-0: Foul Ball, location: 2F
1-1: SINGLE (Groundball, 56D)
Batting: RHB Andrés Rodríguez 0-0: Bunted foul
0-1: Ball
1-1: Bunted foul
1-2: Foul Ball, location: 2F
1-2: Ball
2-2: Foul Ball, location: 2F
2-2: Strikes out swinging
Batting: RHB Iván Vega 0-0: Ball
1-0: Ball
2-0: Called Strike
2-1: Ball
3-1: Called Strike
3-2: Foul Ball, location: 2F
3-2: Strikes out swinging
Batting: LHB Javier Sánchez 0-0: Called Strike
0-1: Foul Ball, location: 2F
0-2: Foul Ball, location: 2F
0-2: Foul Ball, location: 2F
0-2: 2-RUN HOME RUN (Flyball, 9LD), Distance : 348 ft
Batting: LHB Neil Lawson 0-0: Ball
1-0: Foul Ball, location: 2F
1-1: Ball
2-1: Ball
3-1: Base on Balls
Batting: RHB Wes Shannon 0-0: Ball
1-0: Ball
2-0: Called Strike
2-1: Ground out 5-3 (Groundball, 5L)
Top of the 5th over - 2 run(s), 2 hit(s), 0 error(s), 1 left on base; Rocky Mountain 4 - Las Vegas 4
BOTTOM OF THE 5TH
Las Vegas Flamingos batting - Pitching for Rocky Mountain Nuggets : RHP Reynaldo Ortíz
Batting: LHB Chris McKinney 0-0: Swinging Strike
0-1: Swinging Strike
0-2: Ball
1-2: SINGLE (Line Drive, 89S)
Batting: LHB José Alonso 0-0: Ball
1-0: Ball
2-0: Foul Ball, location: 2F
2-1: Ball
3-1: Called Strike
3-2: Base on Balls
Chris McKinney to second
Batting: LHB Job Pels 0-0: Reached via error on a dropped throw, E1
Chris McKinney to third
José Alonso to second
Batting: LHB Victor Adams 0-0: Ball
1-0: Ball
2-0: Ball
3-0: Base on Balls
Chris McKinney scores
José Alonso to third
Job Pels to second
Pitching: RHP Kenny Powers
Batting: LHB Emílio Sáenz 0-0: Ball
1-0: Called Strike
1-1: Swinging Strike
1-2: Fly out, F6 (Popup, 56D)
Batting: SHB Kunimichi Chikafuji 0-0: Called Strike
0-1: Foul Ball, location: 2F
0-2: Foul Ball, location: 2F
0-2: Ball
1-2: Strikes out swinging
Batting: RHB Jeff Young 0-0: DOUBLE (Line Drive, 7LM)
José Alonso scores
Job Pels scores
Victor Adams to third
Runner from 3rd tries for Home, SAFE, throw made home
Batting: RHB Sake van Arem 0-0: Called Strike
0-1: Foul Ball, location: 2F
0-2: Ground out 5-3 (Groundball, 5S)
Bottom of the 5th over - 4 run(s), 2 hit(s), 1 error(s), 1 left on base; Rocky Mountain 4 - Las Vegas 8
TOP OF THE 6TH
Rocky Mountain Nuggets batting - Pitching for Las Vegas Flamingos : RHP David Collingwood
Batting: RHB Gary Chalmers 0-0: Ball
1-0: Called Strike
1-1: Foul Ball, location: 2F
1-2: Ball
2-2: Ground out 6-3 (Groundball, 6)
Batting: LHB Chia-ch'ing Dodman 0-0: Foul Ball, location: 2F
0-1: Ball
1-1: Ball
2-1: Ball
3-1: Foul Ball, location: 2F
3-2: Strikes out swinging
Batting: RHB Mark Melton 0-0: Swinging Strike
0-1: Ball
1-1: Ground out 6-3 (Groundball, 6)
Top of the 6th over - 0 run(s), 0 hit(s), 0 error(s), 0 left on base; Rocky Mountain 4 - Las Vegas 8
BOTTOM OF THE 6TH
Las Vegas Flamingos batting - Pitching for Rocky Mountain Nuggets : RHP Kenny Powers
Batting: LHB Roberto Salazar 0-0: Ball
1-0: Reached on error, E1 (Groundball, P)
Batting: LHB Chris McKinney 0-0: Ball
1-0: Ball
2-0: Called Strike
2-1: Ground out 1-3 (Groundball, 13)
Roberto Salazar to third
Batting: LHB José Alonso 0-0: Intentional Walk
Batting: LHB Job Pels 0-0: Called Strike
0-1: Foul Ball, location: 2F
0-2: Ball
1-2: Foul Ball, location: 2F
1-2: Strikes out swinging
Batting: LHB Victor Adams 0-0: Swinging Strike
0-1: Ball
1-1: SINGLE (Groundball, 34D)
Roberto Salazar scores
José Alonso to second
Runner from 2nd tries for 3rd, OUT!
Bottom of the 6th over - 1 run(s), 1 hit(s), 1 error(s), 1 left on base; Rocky Mountain 4 - Las Vegas 9
TOP OF THE 7TH
Rocky Mountain Nuggets batting - Pitching for Las Vegas Flamingos : RHP David Collingwood
Pitching: RHP Henri Pollini
Batting: LHB Randy Bowen 0-0: Ball
1-0: Ball
2-0: Ball
3-0: Called Strike
3-1: Called Strike
3-2: Strikes out swinging
Batting: RHB Andrés Rodríguez 0-0: SINGLE (Line Drive, 89M)
Batting: RHB Iván Vega 0-0: Ball
1-0: Called Strike
1-1: Called Strike
1-2: Fly out, F9 (Flyball, 9D)
Batting: LHB Javier Sánchez 0-0: Ball
Andrés Rodríguez steals 2nd base
1-0: Foul Ball, location: 2F
1-1: Ball
2-1: Ball
3-1: Base on Balls
Batting: LHB Neil Lawson 0-0: Swinging Strike
0-1: Fly out, F9 (Flyball, 9S)
Top of the 7th over - 0 run(s), 1 hit(s), 0 error(s), 2 left on base; Rocky Mountain 4 - Las Vegas 9
BOTTOM OF THE 7TH
Las Vegas Flamingos batting - Pitching for Rocky Mountain Nuggets : RHP Kenny Powers
Batting: LHB Emílio Sáenz 0-0: Ball
1-0: SOLO HOME RUN (Flyball, 9D), Distance : 397 ft
Batting: SHB Kunimichi Chikafuji 0-0: Ball
1-0: Ball
2-0: Swinging Strike
2-1: Ground out 4-3 (Groundball, 4S)
Batting: RHB Jeff Young 0-0: Called Strike
0-1: Ball
1-1: Foul Ball, location: 2F
1-2: Ball
2-2: SOLO HOME RUN (Flyball, 78XD), Distance : 426 ft
Batting: RHB Sake van Arem 0-0: SINGLE (Line Drive, 7LM)
Batting: LHB Roberto Salazar 0-0: SINGLE (Line Drive, 78M)
Sake van Arem to second
Batting: LHB Chris McKinney 0-0: Called Strike
Sake van Arem steals 3rd base
Roberto Salazar to second
0-1: Ground out 5-3 (Groundball, 56)
Sake van Arem scores
Batting: LHB José Alonso 0-0: Ball
1-0: Ball
2-0: Ball
3-0: Base on Balls
Batting: LHB Job Pels 0-0: Swinging Strike
0-1: Foul Ball, location: 2F
0-2: Ball
1-2: Foul Ball, location: 2F
1-2: Ball
2-2: Ball
3-2: Foul Ball, location: 2F
3-2: Foul Ball, location: 2F
3-2: Foul Ball, location: 2F
3-2: Base on Balls
Roberto Salazar to third
José Alonso to second
Batting: LHB Victor Adams 0-0: Foul Ball, location: 2F
0-1: Ball
Wild Pitch!
Roberto Salazar scores
José Alonso to third
Job Pels to second
1-1: Ball
2-1: Reached on error, E3 (Groundball, 3S)
José Alonso scores
Job Pels to third
Pitching: RHP Hunter Wilson
Batting: LHB Emílio Sáenz 0-0: Ball
1-0: Fielders Choice at 2nd, 4-6 (Groundball, 4)
Bottom of the 7th over - 5 run(s), 4 hit(s), 1 error(s), 1 left on base; Rocky Mountain 4 - Las Vegas 14
TOP OF THE 8TH
Rocky Mountain Nuggets batting - Pitching for Las Vegas Flamingos : RHP Henri Pollini
Batting: RHB Wes Shannon 0-0: Ground out 6-3 (Groundball, 6)
Batting: RHB Gary Chalmers 0-0: Ball
1-0: Foul Ball, location: 2F
1-1: Swinging Strike
1-2: Ball
2-2: Foul Ball, location: 2F
2-2: Foul Ball, location: 2F
2-2: Strikes out swinging
Batting: LHB Chia-ch'ing Dodman 0-0: Ball
1-0: Swinging Strike
1-1: Swinging Strike
1-2: Strikes out swinging
Top of the 8th over - 0 run(s), 0 hit(s), 0 error(s), 0 left on base; Rocky Mountain 4 - Las Vegas 14
BOTTOM OF THE 8TH
Las Vegas Flamingos batting - Pitching for Rocky Mountain Nuggets : RHP Hunter Wilson
Pinch Hitting: RHB Gilbert Graham 0-0: Ball
1-0: Called Strike
1-1: Ball
2-1: Ball
3-1: TRIPLE (Flyball, 8LXD)
Batting: RHB Jeff Young 0-0: Ball
1-0: Called Strike
1-1: SINGLE (Flyball, 8LS)
Gilbert Graham scores
Batting: RHB Sake van Arem 0-0: Called Strike
0-1: Ground out 6-3 (Groundball, 6S)
Jeff Young to second
Batting: LHB Roberto Salazar 0-0: Reached on error, E6 (Groundball, 6)
Jeff Young to third
Pinch Hitting: SHB Wilbert Carter 0-0: Called Strike
0-1: Ball
1-1: Ball
2-1: Fielders Choice at 2nd, 3-6 (Groundball, 34)
Jeff Young scores
Batting: LHB José Alonso 0-0: Ball
1-0: Ball
2-0: Called Strike
2-1: Fly out, F8 (Flyball, 8RM)
Bottom of the 8th over - 2 run(s), 2 hit(s), 1 error(s), 1 left on base; Rocky Mountain 4 - Las Vegas 16
TOP OF THE 9TH
Rocky Mountain Nuggets batting - Pitching for Las Vegas Flamingos : RHP Henri Pollini
Now at 1B: Gilbert Graham
Now at SS: Wilbert Carter
Batting: RHB Mark Melton 0-0: Foul Ball, location: 2F
0-1: Ball
1-1: Foul Ball, location: 2F
1-2: Ground out 5-3 (Groundball, 56S)
Batting: LHB Randy Bowen 0-0: Called Strike
0-1: Ground out 4-3 (Groundball, 34)
Batting: RHB Andrés Rodríguez 0-0: Called Strike
0-1: Ball
1-1: Foul Ball, location: 2F
1-2: Fly out, F8 (Flyball, 8LM)
Top of the 9th over - 0 run(s), 0 hit(s), 0 error(s), 0 left on base; Rocky Mountain 4 - Las Vegas 16
Monday, March 20th, 2017 - OOTP Baseball 17.12 Build 75